 Dungeon Crawl Stone Soup version 0.28-a0-987-g8383568036 (webtiles) character file.

Game seed: 15707122482406291202

117398 Peloso the Fencer (level 16, -12/147 HPs)
             Began as a Minotaur Fighter on Dec 4, 2021.
             Was a High Priest of Okawaru.
             Killed from afar by a purple draconian (21 damage)
             ... with a bolt of dispelling energy
             ... in a wizard's laboratory.
             The game lasted 01:07:42 (32633 turns).

Peloso the Fencer (Minotaur Fighter)               Turns: 32633, Time: 01:07:43

Health: -12/147    AC: 27    Str: 25    XL:     16   Next: 23%
Magic:  0/16       EV: 13    Int:  5    God:    Okawaru [*****.]
Gold:   2552       SH: 15    Dex: 20    Spells: 17/17 levels left

rFire   . . .      SeeInvis +   a - +6 falchion "Xaott" {elec, rPois}
rCold   . . .      Faith    .   c - +0 kite shield
rNeg    . . .      Spirit   +   A - +4 chain mail {Will+}
rPois   +          Reflect  .   (helmet restricted)
rElec   .          Harm     .   I - +0 cloak {rCorr}
rCorr   +          Rampage  +   Q - +2 pair of gloves {Stlth+}
Will    ++...                   g - +2 pair of boots {rampage}
Stlth   +.........              D - amulet of guardian spirit
HPRegen 0.34/turn               T - ring of see invisible
MPRegen 0.15/turn               R - +6 ring of dexterity

@: no status effects
A: horns 2, retaliatory headbutt
a: Renounce Religion, Heroism, Finesse, Duel


You were in a wizard's laboratory.
You worshipped Okawaru.
Okawaru was extremely pleased with you.
You visited 5 branches of the dungeon, and saw 25 of its levels.
You also visited: Sewer and Wizlab.

You collected 2852 gold pieces.
You spent 300 gold pieces at shops.

Inventory:

Hand Weapons
 a - the +6 falchion "Xaott" (weapon) {elec, rPois}
   (You took it off an orc warrior on level 6 of the Dungeon)

   It occasionally discharges a powerful burst of electricity upon striking a
   foe.
   rPois:     It protects you from poison.
 b - a +3 falchion of flaming
Armour
 c - a +0 kite shield (worn)
 g - a +2 pair of boots of rampaging (worn)
 k - a +3 plate armour of cold resistance
 A - a +4 chain mail of willpower (worn)
 I - a +0 cloak of preservation (worn)
 Q - a +2 pair of gloves of stealth (worn)
Jewellery
 D - an amulet of guardian spirit (around neck)
 E - a ring of protection from cold
 R - a +6 ring of dexterity (right hand)
 T - a ring of see invisible (left hand)
Wands
 f - a wand of iceblast (6)
 y - a wand of digging (2)
Scrolls
 d - a scroll of identify
 z - 5 scrolls of teleportation
 U - a scroll of acquirement
Potions
 e - a potion of brilliance
 r - 5 potions of might
 x - 4 potions of degeneration
 M - a potion of haste
 O - 4 potions of berserk rage
 S - 4 potions of flight


   Skills:
 + Level 14.6 Fighting
 + Level 1.9(10.4) Short Blades
 + Level 17.0(17.1) Long Blades
 + Level 6.6(7.0) Axes
 + Level 2.1(4.9) Maces & Flails
 + Level 2.1(4.9) Polearms
 + Level 2.1(3.0) Staves
 + Level 1.9(2.3) Slings
 + Level 1.9 Bows
 + Level 1.9 Crossbows
 + Level 1.6(2.1) Throwing
 + Level 16.7 Armour
 + Level 6.7 Dodging
 + Level 3.5 Stealth
 + Level 16.4 Shields
 + Level 1.9 Unarmed Combat
 + Level 1.0 Spellcasting
 + Level 1.2 Conjurations
 + Level 1.1 Hexes
 + Level 1.2 Summonings
 + Level 1.2 Necromancy
 + Level 1.3 Translocations
 + Level 1.3 Transmutations
 + Level 1.2 Fire Magic
 + Level 1.2 Ice Magic
 + Level 1.2 Air Magic
 + Level 1.3 Earth Magic
 + Level 1.2 Poison Magic
 + Level 2.5 Invocations
 + Level 2.3 Evocations


You had 17 spell levels left.
You didn't know any spells.
Your spell library contained the following spells:

 Spells                   Type           Power      Damage    Failure   Level
 Sandblast                Erth           2%         2d4       71%         1
 Passwall                 Tmut/Erth      0%         N/A       83%         2
 Ensorcelled Hibernation  Hex/Ice        2%         N/A       86%         2
 Gell's Gravitas          Tloc           1%         N/A       97%         3
 Ignite Poison            Fire/Tmut/Pois 1%         N/A       97%         3
 Lesser Beckoning         Tloc           1%         N/A       97%         3
 Mephitic Cloud           Conj/Pois/Air  1%         N/A       97%         3
 Spider Form              Tmut/Pois      1%         N/A       97%         3
 Stone Arrow              Conj/Erth      2%         3d7       97%         3
 Swiftness                Air            1%         N/A       97%         3
 Teleport Other           Tloc           1%         N/A       97%         3
 Freezing Cloud           Conj/Ice/Air   0%         6-21      100%        5
 Orb of Destruction       Conj           0%         N/A       100%        7
 Summon Guardian Golem    Hex/Summ       Unusable   N/A       N/A         3
 Tukima's Dance           Hex            Unusable   N/A       N/A         3
 Spellforged Servitor     Conj/Summ      Unusable   N/A       N/A         7

Dungeon Overview and Level Annotations

Branches:
Dungeon (15/15) Temple (1/1) D:4 Lair (6/6) D:9 Shoals (0/4) Lair:4 Spider (0/4) Lair:4 Slime (0/5) Lair:6 Orc (2/2) D:9 Elf (1/3) Orc:2 Vaults (0/5) D:13 D:14 Depths (0/4) D:15 Sewer (visited) WizLab (1/1)

Altars:
Ashenzari
Cheibriados
Dithmenos
Elyvilon
Fedhas
Gozag
Hepliaklqana
Kikubaaqudgha
Makhleb
Nemelex Xobeh
Okawaru
Qazlal
Ru
Sif Muna
Trog
Uskayaw
Vehumet
Wu Jian
Xom
Yredelemnul
Zin
The Shining One
Jiyva

Shops:
D:6 :   D:7 [   Orc:2 [!(((

Annotations:
D:3 2 transporters, Vbesf's ghost, amateur OpVM
D:14 Casa


Innate Abilities, Weirdness & Mutations

You have a pair of horns on your head.
You reflexively headbutt those who attack you in melee.


Message History

You slash the purple draconian!
Lightning courses through the purple draconian!
The purple draconian is almost dead.
The purple draconian hits you with a +0 hand axe.
* * * LOW HITPOINT WARNING * * *
Unknown command.
You hit the purple draconian. You headbutt the purple draconian!
The purple draconian is almost dead.
Unknown command.
You closely miss the purple draconian.
The purple draconian is almost dead.
The purple draconian completely misses you.
The purple draconian breathes dispelling energy at you.
The bolt of dispelling energy hits you but does no damage.
Unknown command.
You hit the purple draconian but do no damage.
Lightning courses through the purple draconian!!
You kill the purple draconian!
Okawaru accepts your kill.
Unknown command.
A tengu conjurer comes into view.
The tengu conjurer shouts!
The tengu conjurer mumbles some strange words.
The purple draconian breathes dispelling energy at you.
The bolt of dispelling energy hits you!!!
* * * LOW HITPOINT WARNING * * *
There is an empty arch of ancient stone here.
You feel better.
You don't have enough magic at the moment.
Okay, then.
As you read the scroll of identify, it crumbles to dust.
x - 4 potions of degeneration You slash the purple draconian!
You headbutt the purple draconian, but do no damage.
The purple draconian is lightly wounded.
You slash the purple draconian! You headbutt the purple draconian!
The purple draconian is heavily wounded.
The purple draconian breathes dispelling energy at you.
The bolt of dispelling energy hits you!!
You die...

## ######## ##
.#.#.#.#.#. ##§#
#.#.#.#.#.#
#.#§###§#........
#.##..§..........
##@#.§...........
#d##§§...........
##...............
#.##.d...).....#.
##.......§....##
#.#..........#.#
##..........#.#.#
#.#.....Q..###.##
##..........# ##


You could see a purple draconian (catching breath).

Vanquished Creatures
  Rupert (D:13)
  Jorgrun (D:12)
  Gastronok (Lair:1)
  Agnes (D:15)
  A stone giant (D:15)
  2 vampire knights (D:15)
  A dire elephant (Lair:5)
  2 purple draconians (WizLab)
  A statue (WizLab)
  Josephine (D:15)
  Harold (D:6)
  Fannar (D:11)
  11 hydras
  10 boulder beetles
  2 catoblepae
  5 two-headed ogres
  14 death yaks
  5 centaur warriors
  3 tengu warriors
  A dancing weapon (Elf:1)
  4 orc high priests (Orc:2)
  A fire crab (shapeshifter) (D:14)
  2 deep elf knights (Elf:1)
  5 skeletal warriors (D:15)
  A deep elf archer (Elf:1)
  6 orc knights
  3 deep elf zephyrmancers (Elf:1)
  A wolf spider (Lair:4)
  6 deep elf pyromancers
  3 orc sorcerers (Orc:2)
  3 ugly things (D:14)
  4 oklob plants
  3 manticores
  3 cyclopes
  9 black mambas
  12 elephants (Lair:4)
  Maurice (D:10)
  A gargoyle (D:6)
  Joseph (D:7)
  2 torpor snails
  12 cane toads
  Psyche (D:8)
  4 rime drakes
  6 kobold demonologists
  An efreet (D:14)
  10 komodo dragons
  3 yaktaurs (D:15)
  5 trolls
  6 hornets (Lair:6)
  10 polar bears
  A jumping spider (Lair:4)
  3 tyrant leeches (D:15)
  5 slime creatures
  12 dream sheep
  5 blink frogs (Lair:2)
  A meliai zombie (D:11)
  Sigmund (D:2)
  A shadow (D:11)
  2 vampires
  17 spriggans (Lair:6)
  2 wyverns (Lair:6)
  30 yaks
  A redback (Lair:4)
  2 water elementals (D:15)
  5 basilisks
  7 wraiths
  16 humans (D:13)
  Menkaure (D:5)
  5 vampire mosquitoes
  A steam dragon (D:8)
  3 wargs
  Duvessa (D:7)
  17 water moccasins
  An acid dragon (D:11)
  A sky beast (D:6)
  2 ice beasts (D:6)
  23 orc warriors
  4 black bears
  3 boggarts (Lair:6)
  11 ogres
  A necrophage (D:8)
  36 wolves
  A centaur (D:8)
  2 phantoms
  5 kobold brigands
  13 bullfrogs
  6 scorpions
  A wyvern zombie (D:8)
  Dowan (D:7)
  A water moccasin skeleton (D:5)
  5 killer bees (D:9)
  7 wights (D:8)
  An electric eel (Lair:4)
  4 howler monkeys
  A bullfrog zombie (D:6)
  A gnoll shaman (D:7)
  2 centaur zombies (D:8)
  2 jellies
  Crazy Yiuf (D:5)
  2 hounds (D:6)
  18 orc priests
  2 bullfrog skeletons
  A centaur skeleton (D:7)
  An iguana (D:5)
  Ijyb (D:3)
  Terence (D:3)
  Natasha (thrice) (D:3)
  23 orc wizards
  6 hell rats
  2 killer bee zombies
  A hound zombie (D:3)
  A howler monkey zombie (D:9)
  9 gnolls
  6 river rats
  10 adders
  A howler monkey skeleton (D:7)
  A shadow imp (D:6)
  An adder skeleton (D:4)
  4 worms
  A dart slug (D:1)
  80 orcs
  8 endoplasms
  4 giant cockroaches
  7 goblins
  8 hobgoblins
  25 kobolds
  4 quokkas
  5 ball pythons
  8 bats
  3 frilled lizards
  9 rats
725 creatures vanquished.

Vanquished Creatures (others)
  A deep elf pyromancer (Elf:1)
  A water moccasin (Lair:6)
  A bush (Lair:4)
  21 fungi
  39 plants
63 creatures vanquished.

Grand Total: 788 creatures vanquished

Notes
Turn   | Place    | Note
-------+----------+-------------------------------------------
     0 | D:1      | Peloso the Minotaur Fighter began the quest for the Orb.
     0 | D:1      | Reached XP level 1. HP: 19/19 MP: 0/0
    30 | D:1      | Reached XP level 2. HP: 26/27 MP: 1/1
   481 | D:1      | Reached XP level 3. HP: 32/33 MP: 2/2
   835 | D:2      | Found a faded altar of an unknown god.
   838 | D:2      | Noticed Sigmund
   848 | D:2      | Killed Sigmund
   849 | D:2      | Reached skill level 4 in Long Blades
   849 | D:2      | Reached XP level 4. HP: 36/41 MP: 3/3
   849 | D:2      | Reached XP level 5. HP: 41/47 MP: 4/4
  1411 | D:3      | Reached skill level 1 in Dodging
  1475 | D:3      | Found a transporter.
  1476 | D:3      | Noticed Vbesf's ghost (amateur OpVM)
  1487 | D:3      | Noticed Terence
  1503 | D:3      | Killed Terence
  1504 | D:3      | Reached skill level 5 in Fighting
  1528 | D:3      | Found a transporter.
  1573 | D:3      | Noticed Ijyb
  1583 | D:3      | Killed Ijyb
  1584 | D:3      | Reached XP level 6. HP: 35/56 MP: 5/5
  1712 | D:3      | Noticed Natasha
  1717 | D:3      | Killed Natasha
  1837 | D:3      | You fall into a shaft and drop 3 floors!
  1844 | D:6      | Noticed a sky beast
  1845 | D:6      | Noticed an ice beast
  1865 | D:6      | Killed a sky beast
  1866 | D:6      | Reached skill level 5 in Long Blades
  1866 | D:6      | Reached skill level 5 in Armour
  1873 | D:6      | Killed an ice beast
  1874 | D:6      | Reached skill level 5 in Shields
  1885 | D:6      | Reached skill level 6 in Long Blades
  1885 | D:6      | Reached XP level 7. HP: 37/61 MP: 6/6
  2027 | D:6      | Found a glowing drain.
  2054 | D:6      | Identified the +2 war axe of Pyromania {drain, *Corrode rN+
                  | Int+8}
  2068 | Sewer    | Entered a sewer
  2248 | Sewer    | Reached skill level 7 in Long Blades
  2521 | Sewer    | Reached skill level 1 in Short Blades
  2521 | Sewer    | Reached skill level 8 in Long Blades
  2521 | Sewer    | Reached skill level 1 in Slings
  2521 | Sewer    | Reached skill level 1 in Bows
  2521 | Sewer    | Reached skill level 1 in Crossbows
  2521 | Sewer    | Reached skill level 1 in Throwing
  2521 | Sewer    | Reached skill level 1 in Unarmed Combat
  2521 | Sewer    | Reached skill level 1 in Spellcasting
  2521 | Sewer    | Reached skill level 1 in Conjurations
  2521 | Sewer    | Reached skill level 1 in Hexes
  2521 | Sewer    | Reached skill level 1 in Summonings
  2521 | Sewer    | Reached skill level 1 in Necromancy
  2521 | Sewer    | Reached skill level 1 in Translocations
  2521 | Sewer    | Reached skill level 1 in Transmutations
  2521 | Sewer    | Reached skill level 1 in Fire Magic
  2521 | Sewer    | Reached skill level 1 in Ice Magic
  2521 | Sewer    | Reached skill level 1 in Air Magic
  2521 | Sewer    | Reached skill level 1 in Earth Magic
  2521 | Sewer    | Reached skill level 1 in Poison Magic
  2521 | Sewer    | Reached skill level 1 in Invocations
  2521 | Sewer    | Reached skill level 1 in Evocations
  2521 | Sewer    | Reached XP level 8. HP: 71/71 MP: 6/8
  2543 | D:5      | Entered Level 5 of the Dungeon
  2700 | D:4      | Found a hide-covered altar of Uskayaw.
  3068 | D:4      | Found a staircase to the Ecumenical Temple.
  3100 | Temple   | Entered the Ecumenical Temple
  3209 | D:4      | Noticed a two-headed ogre
  3221 | D:4      | Killed a two-headed ogre
  3222 | D:4      | Reached skill level 9 in Long Blades
  3222 | D:4      | Reached XP level 9. HP: 16/78 MP: 9/9
  3656 | D:3      | Noticed Natasha
  3661 | D:3      | Killed Natasha
  3761 | D:3      | Noticed Natasha
  3771 | D:3      | Killed Natasha
  3816 | D:3      | Found a glowing silver altar of Zin.
  4357 | D:5      | Found an ornate altar of the Wu Jian Council.
  4717 | D:5      | Noticed Menkaure
  4728 | D:5      | Killed Menkaure
  4855 | D:5      | Found a basalt altar of Yredelemnul.
  4857 | D:5      | Noticed a profane servitor
  4860 | D:5      | Found a glowing golden altar of the Shining One.
  4863 | D:5      | Noticed an angel
  4911 | D:5      | Found a sparkling altar of Nemelex Xobeh.
  5225 | D:5      | Found a runed translucent door.
  5226 | D:5      | Noticed Crazy Yiuf
  5292 | D:5      | Killed Crazy Yiuf
  5362 | D:7      | Found Nidenirch's Antique Armour Boutique.
  5423 | D:6      | Reached skill level 10 in Long Blades
  5643 | D:6      | Noticed a gargoyle
  5660 | D:6      | Killed a gargoyle
  5680 | D:6      | Reached XP level 10. HP: 42/86 MP: 10/10
  5930 | D:6      | Identified the +6 falchion "Xaott" {elec, rPois}
  6161 | D:6      | Found Ceufauna's Book Emporium.
  6453 | D:7      | Noticed Harold
  6475 | D:6      | Killed Harold
  6754 | D:7      | Found an iron altar of Okawaru.
  6760 | D:7      | Became a worshipper of Warmaster Okawaru
  6919 | D:7      | Noticed Joseph
  6928 | D:7      | Killed Joseph
  7433 | D:7      | Noticed Duvessa
  7433 | D:7      | Noticed Dowan
  7444 | D:7      | Killed Duvessa
  7445 | D:7      | Reached skill level 11 in Long Blades
  7446 | D:7      | Killed Dowan
  7704 | D:8      | Reached * piety under Okawaru
  7823 | D:8      | Noticed Psyche
  7832 | D:8      | Killed Psyche
  7885 | D:8      | Reached ** piety under Okawaru
  7939 | D:8      | Reached XP level 11. HP: 63/93 MP: 11/11
  7991 | D:8      | Reached skill level 12 in Long Blades
  8396 | D:8      | Reached *** piety under Okawaru
  8795 | D:9      | Found a bloodstained altar of Trog.
  8827 | D:9      | Noticed a death yak
  8843 | D:9      | Killed a death yak
  8843 | D:9      | Received a gift from Okawaru
  9037 | D:9      | Found a staircase to the Lair.
  9045 | D:9      | Noticed a death yak
  9045 | D:9      | Noticed a death yak
  9064 | D:9      | Killed a death yak
  9075 | D:9      | Killed a death yak
  9075 | D:9      | Reached **** piety under Okawaru
  9089 | D:9      | Reached skill level 10 in Armour
  9235 | D:9      | Found a staircase to the Orcish Mines.
  9856 | D:9      | Reached skill level 13 in Long Blades
  9990 | D:10     | Entered Level 10 of the Dungeon
 10384 | D:10     | Noticed Maurice
 10389 | D:10     | Killed Maurice
 10477 | D:10     | Reached ***** piety under Okawaru
 10722 | D:10     | Received a gift from Okawaru
 11087 | D:11     | Noticed a two-headed ogre
 11094 | D:11     | Killed a two-headed ogre
 11095 | D:11     | Reached XP level 12. HP: 78/103 MP: 12/12
 11304 | D:11     | Noticed Fannar
 11340 | D:11     | Killed Fannar
 11341 | D:11     | Reached skill level 5 in Dodging
 11470 | D:11     | Noticed a boulder beetle
 11489 | D:11     | Killed a boulder beetle
 11825 | Lair:1   | Entered Level 1 of the Lair of Beasts
 11828 | Lair:1   | Noticed a six-headed hydra
 11859 | Lair:1   | Killed a one-headed hydra
 12012 | Lair:1   | Reached skill level 14 in Long Blades
 12216 | Lair:1   | Noticed an eight-headed hydra
 12229 | Lair:1   | Killed a four-headed hydra
 12485 | Lair:1   | Noticed Gastronok
 12506 | Lair:1   | Killed Gastronok
 12677 | Lair:1   | Identified the -6 pair of gloves of the Sun {-Tele rF+
                  | Dex+3}
 13016 | Lair:2   | Noticed a death yak
 13016 | Lair:2   | Noticed a death yak
 13017 | Lair:2   | Noticed a death yak
 13017 | Lair:2   | Noticed a death yak
 13019 | Lair:2   | Noticed a death yak
 13056 | Lair:2   | Killed a death yak
 13067 | Lair:2   | Killed a death yak
 13068 | Lair:2   | Reached skill level 10 in Shields
 13073 | Lair:2   | Killed a death yak
 13078 | Lair:2   | Killed a death yak
 13078 | Lair:2   | Received a gift from Okawaru
 13086 | Lair:2   | Killed a death yak
 13087 | Lair:2   | Reached skill level 10 in Fighting
 14084 | Lair:2   | Received a gift from Okawaru
 14087 | Lair:2   | Reached XP level 13. HP: 65/114 MP: 13/13
 15567 | Lair:3   | Found an iron altar of Okawaru.
 15894 | Lair:3   | You fall into a shaft and drop 2 floors!
 16542 | Lair:4   | Found a staircase to the Shoals.
 17052 | Lair:4   | Received a gift from Okawaru
 17899 | Lair:4   | Reached skill level 15 in Long Blades
 17999 | Lair:4   | Found a hole to the Spider Nest.
 18619 | Lair:4   | Reached skill level 5 in Axes
 19115 | Lair:5   | Reached XP level 14. HP: 118/125 MP: 14/14
 19579 | Lair:5   | Received a gift from Okawaru
 20274 | Orc:1    | Entered Level 1 of the Orcish Mines
 20454 | Orc:2    | Entered Level 2 of the Orcish Mines
 20454 | Orc:2    | Found a staircase to the Elven Halls.
 21682 | Orc:2    | Found Fucsaot's Weapon Boutique.
 22361 | Orc:2    | Paralysed by an orc sorcerer for 3 turns
 22680 | Orc:2    | Found Ythrocon's Antique Weapon Emporium.
 22680 | Orc:2    | Found Bileec's Armour Boutique.
 22682 | Orc:2    | Found Goifunt's Weapon Emporium.
 22682 | Orc:2    | Found Iluok's Distillery.
 22691 | Orc:2    | Bought a potion of mutation for 120 gold pieces
 22691 | Orc:2    | Bought a potion of flight for 45 gold pieces
 22691 | Orc:2    | Bought a potion of heal wounds for 75 gold pieces
 22992 | Lair:6   | Entered Level 6 of the Lair of Beasts
 23589 | Lair:6   | Reached ****** piety under Okawaru
 23693 | Lair:5   | Received a gift from Okawaru
 23694 | Lair:5   | Reached skill level 15 in Armour
 24372 | Lair:6   | Reached XP level 15. HP: 135/135 MP: 15/15
 24979 | Lair:6   | Found a viscous altar of Jiyva.
 24979 | Lair:6   | Found a staircase to the Slime Pits.
 25111 | Lair:6   | Identified the +1 robe "Osoipaiq" {rPois}
 25420 | Orc:2    | Bought a potion of might for 60 gold pieces
 26341 | D:12     | Noticed Jorgrun
 26350 | D:12     | Killed Jorgrun
 26351 | D:12     | Reached skill level 16 in Long Blades
 26486 | D:13     | Identified a scroll of acquirement
 27350 | D:14     | Noticed Rupert
 27350 | D:14     | Found a gate to the Vaults.
 27364 | D:13     | Reached skill level 15 in Shields
 27483 | D:13     | Received a gift from Okawaru
 27694 | D:14     | Paralysed by Rupert for 4 turns
 27718 | D:13     | Killed Rupert
 28933 | D:14     | Identified the +6 battleaxe "Cuffept" {holy, Str+2}
 29086 | D:15     | Entered Level 15 of the Dungeon
 29613 | D:15     | Noticed Agnes
 29626 | D:15     | Killed Agnes
 30140 | D:15     | Found a staircase to the Depths.
 30279 | D:15     | Found the +8 Vampire's Tooth {vamp}
 30280 | D:15     | Paralysed by a vampire knight for 3 turns
 30306 | D:15     | Paralysed by something for 3 turns
 30736 | D:15     | Noticed Josephine
 30746 | D:15     | Killed Josephine
 30747 | D:15     | Reached XP level 16. HP: 147/147 MP: 16/16
 30808 | D:15     | Paralysed by a vampire knight for 7 turns
 30827 | D:15     | Received a gift from Okawaru
 32007 | Elf:1    | Entered Level 1 of the Elven Halls
 32111 | Elf:1    | HP: 7/147 [deep elf archer/arrow (7)]
 32346 | Elf:1    | Reached skill level 17 in Long Blades
 32352 | Elf:1    | Found a magical portal.
 32442 | WizLab   | Entered Iskenderun's Mystic Tower
 32627 | WizLab   | HP: 1/147 [purple draconian/bolt of dispelling energy (35)]
 32633 | WizLab   | Killed from afar by a purple draconian

Illustrated notes

Levels and vault maps discovered:
D:1:      lightli_molten_gateway, layout_basic
D:2:      layout_loops_ring, basic_ecumenical_altar, uniq_sigmund
D:3:      layout_basic, mainiacjoe_overflow_alcove_1,
          gammafunk_ghost_stat_death, uniq_terence, uniq_natasha, uniq_ijyb
D:4:      layout_basic, mainiacjoe_overflow_brackets, temple_doors_e
D:5:      layout_basic, mainiacjoe_overflow_six_doors_small, lemuel_round_altar,
          grunt_temple_overflow_holy_war, nrook_campfire, hangedman_decor_push,
          uniq_menkaure, uniq_crazy_yiuf_cottage
D:6:      layout_basic, serial_shops, shop, cheibrodos_sewer_entry_sluice,
          kennysheep_big_empty_room, hellmonk_bongcloud_opening, grunt_potential
D:7:      layout_rooms, okawaru_metal_pillars_1_2, serial_rivers,
          chequers_serial_rivers_small_3, chequers_serial_rivers_micro_b,
          chequers_serial_rivers_room_b, chequers_serial_rivers_large_b,
          serial_shops, shop, uniq_harold, uniq_joseph, uniq_duvessa
D:8:      nzn_winding_woodlands_three_and_one
          [nzn_winding_woodlands_5x15_sidewinder,
          nzn_winding_woodlands_5x15_split_checker,
          nzn_winding_woodlands_5x15_zeroes,
          nzn_winding_woodlands_center_garden], layout_basic, uniq_psyche
D:9:      layout_basic, mainiacjoe_overflow_cross_hatched, dpeg_lair_monsters,
          david_orc_3
D:10:     layout_roguey, nicolae_fountain_basement, uniq_maurice
D:11:     layout_roguey, minmay_circle_x, uniq_fannar
D:12:     layout_irregular_city, uniq_jorgrun
D:13:     layout_loops_ring, special_room [special_room_orc]
D:14:     layout_long_grid, david_vaults_3, eino_tiny_chamber
D:15:     grunt_enter_depths_snipers, layout_basic, serial_corexii_hall,
          corexii_hall_statues_t, corexii_hall_statues_s,
          chequers_hall_statues_y, corexii_hall_statues_t,
          minmay_guarded_unrand_vampires_tooth, uniq_josephine, uniq_agnes
Temple:   eino_temple_lava
Lair:1:   layout_misc_corridors, infiniplex_staircase_pool_2, uniq_gastronok
Lair:2:   layout_small_grid
Lair:3:   layout_gridlike, basic_altar, grunt_megastairs_3
Lair:4:   beast_lair_carwin_large_2, layout_concentric_octagons,
          shoals_dummy_entry, spider_nest_entry_funnel_web, lookout_lair_type,
          nzn_sisyphean_effort, serial_bayou_shore_b
Lair:5:   gammafunk_indiana_jones, layout_layer_cave, lemuel_fruit_fields,
          grunt_megastairs_5, infiniplex_staircase_pool
Lair:6:   minmay_lair_end_enchanted_forest, layout_gridlike,
          dpeg_slime_entry_enclosed_altar, dpeg_oklob_1
Orc:1:    layout_caves
Orc:2:    grunt_orc_tribal_feast, layout_caves, serial_shops,
          nicolae_shop_bloodbath_and_beyond, uniq_rupert
Elf:1:    elf_arrival_002, layout_gridlike, lightli_enter_wizlab_magi_temple,
          special_room [special_room_mythical_zoo], orc_legates
WizLab:   wizlab_iskenderun

Skill      XL: |  1  2  3  4  5  6  7  8  9 10 11 12 13 14 15 16 |
---------------+-------------------------------------------------+-----
Armour         | 4 5 6 7 9 10 12 13 15 16 | 16.7
Shields        | 4 5 6 7 8 10 12 14 15 16 | 16.4
Fighting       | 4 5 6 7 8 10 11 13 14 | 14.6
Long Blades    | 4 6 8 9 10 11 13 14 15 16 17 | 17.0
Dodging        | 1 3 4 5 6 |  6.7
Short Blades   | 1 |  1.9
Axes           | 2 3 5 6 |  6.6
Maces & Flails | 2 |  2.1
Polearms       | 2 |  2.1
Staves         | 2 |  2.1
Slings         | 1 |  1.9
Bows           | 1 |  1.9
Crossbows      | 1 |  1.9
Throwing       | 1 |  1.6
Stealth        | 2 3 |  3.5
Unarmed Combat | 1 |  1.9
Spellcasting   | 1 |  1.0
Conjurations   | 1 |  1.2
Hexes          | 1 |  1.1
Summonings     | 1 |  1.2
Necromancy     | 1 |  1.2
Translocations | 1 |  1.3
Transmutations | 1 |  1.3
Fire Magic     | 1 |  1.2
Ice Magic      | 1 |  1.2
Air Magic      | 1 |  1.2
Earth Magic    | 1 |  1.3
Poison Magic   | 1 |  1.2
Invocations    | 1 2 |  2.5
Evocations     | 1 2 |  2.3

Action                   |  1- 3 |  4- 6 |  7- 9 | 10-12 | 13-15 | 16-18 || total
-------------------------+-------+-------+-------+-------+-------+-------++-------
Melee: Long sword        |    55 |    94 |   264 |    21 |       |       ||   434
       Headbutt          |    10 |    20 |    50 |   162 |   495 |    56 ||   793
       Falchion          |       |       |       |   613 |  1500 |   148 ||  2261
       Hand axe          |       |       |       |    18 |    75 |       ||    93
Invok: Heroism           |       |       |       |     6 |    16 |     6 ||    28
Evoke: Wand              |       |       |       |    11 |     3 |       ||    14
  Use: Scroll            |     3 |       |     5 |     7 |     5 |     4 ||    24
       Potion            |     1 |       |     8 |       |     3 |     4 ||    16
Armor: Scale mail        |    17 |       |       |       |       |       ||    17
       Chain mail        |    12 |    67 |   110 |   310 |   264 |    12 ||   775
       Plate armour      |       |       |       |       |   510 |    32 ||   542
Dodge: Dodged            |    12 |    49 |    82 |   213 |   490 |    30 ||   876
Block: Buckler           |     9 |    31 |    55 |    35 |       |       ||   130
       Kite shield       |       |       |       |   211 |   942 |    70 ||  1223

Table legend: (Time is in decaauts)
 A = Elapsed time spent in this place.
 B = Non-inter-level travel time spent in this place.
 C = Inter-level travel time spent in this place.
 D = Time resting spent in this place.
 E = Time spent auto-exploring this place.
 F = Levels seen in this place.
 G = Mean time per level.
                   A        B        C        D        E       F      G
               +--------+--------+--------+--------+--------+-----+--------+
         Total |  32144 |  30206 |   1938 |   5672 |  18103 |  27 | 1190.5 |
       Dungeon |  17506 |  16274 |   1232 |   1851 |  11020 |  15 | 1167.1 |
        Temple |     46 |     46 |      0 |      0 |      0 |   1 |   46.0 |
          Lair |  10664 |  10104 |    560 |   2564 |   5759 |   6 | 1777.3 |
  Orcish Mines |   2786 |   2641 |    145 |    881 |    971 |   2 | 1393.0 |
   Elven Halls |    407 |    407 |      0 |    232 |      0 |   1 |  407.0 |
         Sewer |    553 |    553 |      0 |      0 |    352 |   1 |  553.0 |
        Wizlab |    179 |    179 |      0 |    144 |      1 |   1 |  179.0 |
               +--------+--------+--------+--------+--------+-----+--------+

Top non-repeatable levels by time:
  Lair:4: 2789 daAuts
  Lair:2: 2396 daAuts
    D:15: 2164 daAuts
   Orc:2: 2105 daAuts
  Lair:5: 1931 daAuts
     D:9: 1618 daAuts
  Lair:6: 1497 daAuts
     D:6: 1415 daAuts
    D:14: 1369 daAuts
     D:5: 1343 daAuts
    D:13: 1313 daAuts
     D:7: 1128 daAuts
     D:8: 1102 daAuts
  Lair:3: 1060 daAuts
     D:4: 1059 daAuts
